Map: Orbital Shipyard

Players

Jonic - Winner!

  • Race: Protoss Protoss
  • League: Master

Devo

  • Race: Zerg Zerg
  • League: Master

VOD

Have the link to the VOD?

Description

Time

  • Played on: Nov. 29, 2015, 10:09 a.m.
  • Length: 15:01
Show
View Real Time Build Order
Export as new Build Order

Jonic Protoss - Winner!

Build Orders: 1 Gate Expand 

Get SALT Encoding   

  12  0:00  Probe (Chrono Boost)  
  13  0:11  Probe (Chrono Boost)  
  14  0:18  Pylon  
  14  0:22  Probe (Chrono Boost)  
  15  0:36  Gateway, Probe (Chrono Boost)  
  16  0:46  Probe (Chrono Boost)  
  16  0:48  Assimilator  
  18  0:57  Probe (Chrono Boost)  
  18  1:07  Probe (Chrono Boost)  
  19  1:21  Nexus  
  19  1:23  Probe (Chrono Boost)  
  20  1:34  Cybernetics Core  
  20  1:37  Probe (Chrono Boost)  
  21  1:44  Assimilator  
  21  1:47  Probe (Chrono Boost)  
  21  1:54  Pylon  
  22  1:58  Probe (Chrono Boost)  
  23  2:12  Mothership Core (Chrono Boost)  
  27  2:15  Adept  
  27  2:24  Warp Gate  
  27  2:30  Probe (Chrono Boost)  
  27  2:34  Probe (Chrono Boost)  
  29  2:41  Probe (Chrono Boost)  
  30  2:44  Robotics Facility  
  30  2:45  Probe (Chrono Boost)  
  30  2:49  Adept  
  33  2:52  Probe (Chrono Boost)  
  33  2:55  Probe (Chrono Boost)  
  35  3:02  Probe (Chrono Boost)  
  36  3:06  Probe (Chrono Boost)  
  36  3:08  Pylon  
  38  3:13  Probe (Chrono Boost)  
  38  3:16  Probe (Chrono Boost)  
  39  3:23  Probe (Chrono Boost)  
  41  3:27  Probe (Chrono Boost)  
  41  3:34  Probe (Chrono Boost)  
  42  3:36  Robotics Bay  
  42  3:37  Probe (Chrono Boost), Assimilator  
  43  3:42  Assimilator  
  43  3:44  Probe (Chrono Boost)  
  43  3:47  Probe (Chrono Boost)  
  43  3:51  Observer (Chrono Boost)  
  43  3:54  Gateway  
  43  3:55  Probe  
  45  3:56  Gateway  
  45  3:57  Probe  
  45  3:59  Pylon  
  46  4:06  Pylon  
  46  4:07  Probe x2  
  50  4:10  Warp Prism (Chrono Boost)  
  50  4:24  Gravitic Drive (Chrono Boost)  
  50  4:27  Adept  
  52  4:34  Probe  
  52  4:35  Probe  
  54  4:43  Disruptor (Chrono Boost)  
  54  4:44  Nexus  
  57  4:47  Pylon  
  57  4:49  Probe  
  57  4:50  Probe  
  59  4:54  Sentry x2  
  59  4:55  Sentry  
  59  4:59  Probe  
  66  5:08  Probe  
  66  5:12  Pylon x2  
  68  5:18  Immortal (Chrono Boost)  
  68  5:20  Stalker x2  
  75  5:24  Stalker  
  79  5:39  Forge  
  77  5:43  Gateway  
  77  5:44  Gateway  
  77  5:52  Immortal (Chrono Boost)  
  77  5:54  Stalker x2  
  85  5:59  Probe x2  
  85  6:01  Probe  
  88  6:09  Probe  
  88  6:11  Probe  
  89  6:12  Probe  
  91  6:20  Probe  
  91  6:23  Probe  
  93  6:25  Probe  
  93  6:26  Immortal (Chrono Boost)  
  93  6:28  Assimilator  
  93  6:31  Probe  
  99  6:33  Assimilator  
  99  6:35  Probe  
  99  6:36  Probe  
  101  6:41  Probe  
  101  6:47  Probe x2  
  102  6:53  Stalker x2  
  108  6:58  Pylon  
  108  6:59  Protoss Ground Weapons Level 1 (Chrono Boost)  
  108  7:10  Pylon  
  108  7:13  Pylon  
  108  7:14  Pylon  
  108  7:16  Immortal (Chrono Boost)  
  108  7:19  Stalker x2  
  116  7:23  Pylon  
  116  7:24  Pylon  
  116  7:26  Pylon  
  116  7:28  Pylon  
  116  7:32  Pylon  
  116  7:38  Stalker x3  
  122  7:51  Adept  
  122  7:52  Adept  
  122  7:55  Immortal (Chrono Boost)  
  130  8:05  Gateway  
  130  8:08  Gateway, Pylon  
  130  8:11  Gateway  
  129  8:16  Adept  
  131  8:24  Nexus  
  131  8:26  Photon Cannon  
  131  8:28  Photon Cannon  
  131  8:29  Photon Cannon  
  131  8:30  Photon Cannon x2  
  131  8:32  Photon Cannon  
  131  8:33  Photon Cannon  
  131  8:43  Immortal (Chrono Boost)  
  131  8:47  Pylon  
  135  8:51  Assimilator  
  135  8:56  Twilight Council  
  135  8:57  Assimilator  
  135  9:04  Stalker x5  
  145  9:20  Immortal  
  149  9:31  Stalker x2  
  149  9:32  Stalker x3  
  149  9:36  Colossus x4, Protoss Ground Weapons Level 2 (Chrono Boost)  
  149  9:37  Templar Archives, Colossus  
  155  9:49  Photon Cannon  
  155  9:50  Photon Cannon  
  155  9:52  Photon Cannon  
  153  9:53  Photon Cannon  
  153  9:54  Photon Cannon  
  153  9:55  Photon Cannon  
  150  10:04  Probe x3  
  150  10:05  Probe  
  154  10:17  Probe  
  155  10:24  High Templar  
  155  10:25  High Templar x4  
  155  10:26  High Templar  
  155  10:27  High Templar  
  169  10:29  Archon x3  
  164  10:45  Adept  
  164  10:51  Nexus  
  162  10:57  High Templar x2  
  162  10:58  High Templar x2  
  162  10:59  High Templar x2  
  162  11:01  Archon  
  162  11:02  Archon  
  162  11:03  Archon  
  173  11:06  Adept  
  173  11:07  Adept  
  169  11:30  High Templar  
  169  11:31  High Templar x2  
  169  11:32  High Templar x3  
  181  11:38  Archon  
  181  11:39  Archon x2  
  181  11:44  Pylon  
  181  11:46  Pylon  
  181  11:47  Pylon  
  181  11:55  Pylon  
  181  11:56  Pylon  
  181  11:57  Pylon x2  
  181  12:08  High Templar x4  
  181  12:09  High Templar  
  181  12:14  High Templar  
  175  12:32  Archon x2  
  175  12:33  Archon  
  142  13:16  Cybernetics Core  
  131  13:27  Zealot x3  
  131  13:28  Zealot  
  83  13:58  Nexus  
  83  14:00  Photon Cannon  
  73  14:41  Stalker  
  75  14:49  Twilight Council  
Show
View Real Time Build Order
Export as new Build Order

Devo Zerg 

Build Orders: Hatch First 

Get SALT Encoding   

  12  0:01  Drone  
  13  0:11  Drone  
  14  0:16  Drone, Extractor  
  15  0:22  Overlord  
  15  0:41  Drone x2  
  17  0:44  Drone  
  18  0:57  Hatchery  
  18  1:02  Drone  
  18  1:05  Extractor  
  17  1:16  Spawning Pool  
  15  1:19  Drone  
  15  1:23  Drone  
  17  1:27  Drone  
  18  1:38  Drone  
  19  1:48  Drone  
  20  2:06  Metabolic Boost  
  20  2:09  Hatchery  
  20  2:10  Zergling x2  
  20  2:11  Zergling x2  
  20  2:13  Drone  
  22  2:21  Queen  
  24  2:24  Drone  
  24  2:27  Drone  
  26  2:35  Drone x2  
  28  2:45  Overlord x2  
  28  2:53  Queen, Extractor  
  28  2:54  Extractor  
  30  3:01  Overlord  
  30  3:06  Drone x3  
  33  3:15  Drone x2  
  35  3:24  Zergling x2  
  32  3:31  Drone x2  
  32  3:32  Drone x3  
  36  3:36  Drone x2  
  36  3:37  Queen  
  37  3:42  Drone  
  37  3:46  Drone x2  
  40  3:50  Roach Warren  
  40  3:51  Drone, Extractor  
  40  3:53  Extractor  
  38  3:56  Drone x2  
  40  4:04  Drone x2  
  40  4:06  Drone  
  40  4:07  Drone x2  
  40  4:08  Drone  
  46  4:12  Drone x2  
  46  4:14  Drone  
  49  4:18  Overlord  
  51  4:24  Drone x2  
  51  4:29  Drone  
  51  4:30  Drone  
  53  4:32  Roach  
  53  4:36  Roach  
  53  4:37  Roach x2  
  63  4:38  Roach  
  63  4:48  Overlord  
  63  4:50  Drone  
  63  4:52  Drone x2  
  66  4:58  Lair  
  66  5:05  Overlord x2  
  66  5:08  Drone x8  
  74  5:21  Overlord  
  74  5:25  Drone x2  
  74  5:26  Drone  
  74  5:28  Ravager x5  
  81  5:29  Evolution Chamber  
  81  5:30  Evolution Chamber  
  81  5:33  Drone x2, Spore Crawler  
  81  5:38  Zergling x6  
  81  5:39  Zergling x4  
  86  5:46  Zergling x12  
  92  5:52  Hatchery  
  92  5:56  Zerg Ground Armor Level 1, Zerg Melee Weapons Level 1  
  91  6:02  Hatchery  
  90  6:13  Drone x3  
  90  6:14  Drone x3  
  90  6:15  Drone x2  
  91  6:20  Spore Crawler  
  91  6:21  Zergling x14  
  97  6:27  Drone  
  97  6:28  Glial Reconstitution  
  97  6:29  Infestation Pit  
  97  6:51  Zergling x2  
  97  6:53  Overlord x8  
  98  7:04  Drone x5  
  98  7:06  Hive  
  102  7:14  Roach  
  102  7:15  Roach x2  
  108  7:20  Zergling x8  
  112  7:28  Zergling x8  
  116  7:42  Spire  
  116  7:43  Extractor  
  114  7:44  Drone x10, Extractor  
  114  7:45  Drone, Extractor  
  114  7:47  Extractor x2  
  114  7:49  Spine Crawler  
  114  7:50  Spine Crawler  
  118  7:51  Spine Crawler  
  118  7:56  Zerg Ground Armor Level 2  
  116  8:03  Zerg Melee Weapons Level 2  
  116  8:05  Zergling x16  
  118  8:06  Zergling x8  
  127  8:21  Drone x9  
  136  8:28  Ravager x2  
  136  8:29  Ravager  
  136  8:31  Drone x3  
  142  8:41  Spore Crawler  
  141  8:49  Spore Crawler  
  141  8:50  Adrenal Glands  
  140  8:58  Hatchery, Mutalisk  
  140  9:01  Mutalisk  
  140  9:02  Spine Crawler  
  142  9:03  Spine Crawler  
  142  9:04  Zergling x36  
  142  9:06  Spine Crawler  
  152  9:32  Zergling x14  
  152  9:33  Zergling x18  
  165  9:46  Ultralisk Cavern  
  164  10:00  Drone x7  
  164  10:01  Drone x2, Overlord  
  164  10:02  Overlord x4  
  164  10:04  Greater Spire  
  173  10:10  Overseer  
  155  10:37  Zergling x16  
  155  10:38  Zergling x20  
  158  10:55  Chitinous Plating  
  158  10:56  Zerg Melee Weapons Level 3  
  156  11:09  Zergling x26  
  162  11:19  Mutalisk x5  
  154  11:27  Extractor  
  154  11:28  Zerg Flyer Weapons Level 1  
  154  11:29  Corruptor x8  
  169  11:37  Extractor  
  168  11:45  Zergling x20  
  167  12:04  Brood Lord x2  
  167  12:05  Brood Lord x3  
  167  12:06  Zergling x10  
  167  12:07  Zergling x14  
  164  12:17  Brood Lord  
  157  12:23  Zergling x2  
  157  12:24  Zergling x10  
  157  12:28  Brood Lord  
  151  12:31  Zergling x2  
  151  12:32  Zergling x12  
  147  12:40  Brood Lord  
  132  12:51  Zergling x2  
  132  12:52  Zergling x12  
  120  13:05  Zergling x6  
  115  13:11  Zergling x6  
  117  13:13  Zergling x2  
  117  13:14  Zergling x4  
  109  13:30  Mutalisk  
  109  13:31  Mutalisk x4  
  109  13:37  Zergling x2  
  102  13:45  Zergling x2  
  102  13:46  Zergling x2  
  101  13:52  Zergling x6  
  102  14:01  Mutalisk x2  
  100  14:11  Hatchery  
  96  14:22  Roach  
  96  14:23  Roach x2  
  78  14:44  Spine Crawler  
Tags
 
Add a new tag
Caveats
  • Supply blocks, unpowered buildings, or Contaminate may cause inaccurate times.
  • Supply counts are checked every 10 seconds.